 Dungeon Crawl Stone Soup version 0.31-a0-1612-g4aaf141004 (webtiles) character file.

Game seed: 2094985155252416781

2965 grandjackal the Fighter (level 9, -14/77 HPs)
             Began as a Demonspawn Fighter on Jan 9, 2024.
             Was a Believer of Okawaru.
             Killed from afar by Erica (27 damage)
             ... with a bolt of poison
             ... on level 8 of the Dungeon.
             The game lasted 00:07:35 (6477 turns).

grandjackal the Fighter (Demonspawn Fighter)        Turns: 6477, Time: 00:07:38

Health: -14/77     AC: 11    Str: 21    XL:     9   Next: 52%
Magic:  12/13      EV:  9    Int:  8    God:    Okawaru [**....]
Gold:   392        SH:  6    Dex: 16    Spells: 4/8 levels left

rFire   . . .        A - +10 morningstar of the Pariah {pain, Dex+3 SInv}
rCold   . . .        c - +0 buckler
rNeg    . . .        b - +0 scale mail
rPois   .            (helmet restricted)
rElec   .            G - +0 cloak
rCorr   .            C - +0 pair of gloves
SInv    +            (no boots)
Will    .....        (no amulet)
Stlth   ++           z - ring of see invisible
HPRegen 0.32/turn    (no ring)
MPRegen 0.13/turn

%: no passive effects
@: lethally poisoned (-14 -> -37), heroic, constricted
A: horns 1, rugged brown scales 1, icemail 2, condensation shield, demonic magic
1
a: Renounce Religion, Heroism


You were on level 8 of the Dungeon.
You worshipped Okawaru.
Okawaru was pleased with you.
You visited 2 branches of the dungeon, and saw 9 of its levels.
You also visited: Sewer and Ossuary.

You collected 392 gold pieces.

Inventory:

Hand Weapons
 a - a +0 war axe
 A - the +10 morningstar of the Pariah (weapon) {pain, Dex+3 SInv}
   (You found it on level 4 of the Dungeon)

   Dex+3:     It affects your dexterity (+3).
   SInv:      It lets you see invisible.
 B - a +0 broad axe
Missiles
 n - 4 throwing nets (quivered)
Armour
 b - a +0 scale mail (worn)
 c - a +0 buckler (worn)
 C - a +0 pair of gloves (worn)
 G - a +0 cloak (worn)
Jewellery
 z - a ring of see invisible (left hand)
Wands
 y - a wand of roots (9)
 H - a wand of quicksilver (13)
 J - a wand of flame (15)
Scrolls
 h - 4 scrolls of fog {unknown}
 i - a scroll of enchant weapon {unknown}
 j - 2 scrolls of poison {unknown}
 k - 4 scrolls of enchant armour {unknown}
 p - 2 scrolls of blinking {unknown}
 q - 5 scrolls of teleportation {unknown}
 s - 4 scrolls of noise {unknown}
 v - 10 scrolls of identify {unknown}
 x - 3 scrolls of amnesia {unknown}
 D - a scroll of brand weapon {unknown}
 F - a scroll of butterflies {unknown}
 I - a scroll of acquirement {unknown}
Potions
 d - 4 potions of might
 e - 2 potions of brilliance {unknown}
 f - 2 potions of lignification {unknown}
 g - 5 potions of curing
 l - 6 potions of heal wounds {unknown}
 m - 5 potions of attraction {unknown}
 o - 5 potions of mutation {unknown}
 r - 4 potions of enlightenment {unknown}
 t - a potion of invisibility {unknown}
 u - 2 potions of cancellation {unknown}
 w - a potion of resistance {unknown}
 E - 2 potions of degeneration {unknown}


   Skills:
 + Level 8.3(13.3) Fighting
 + Level 7.2(12.2) Axes
 - Level 3.0(8.0) Armour
 - Level 4.0(9.0) Shields
 + Level 4.5 Necromancy
 + Level 6.4 Invocations


You had 4 spell levels left.
You knew the following spells:

 Your Spells              Type           Power      Damage    Failure   Level
a - Dispel Undead         Necr           7%         3d8       88%         4

Your spell library contained the following spells:

 Spells                   Type           Power      Damage    Failure   Level
 Sublimation of Blood     Necr           7%         N/A       28%         2
 Kiss of Death            Conj/Necr      12%        2d6       43%         1
 Confusing Touch          Hex            0%         N/A       98%         3
 Dazzling Flash           Conj/Hex       0%         N/A       98%         3
 Ozocubu's Armour         Ice            0%         N/A       98%         3
 Stone Arrow              Conj/Erth      0%         3d7       98%         3
 Volatile Blastmotes      Fire/Tloc      0%         2d10      98%         3
 Ignite Poison            Fire/Alch      0%         N/A       100%        4
 Petrify                  Alch/Erth      0%         N/A       100%        4
 Sticky Flame             Fire/Alch      0%         2d4       100%        4
 Irradiate                Conj/Alch      0%         3d11      100%        5
 Metabolic Englaciation   Hex/Ice        0%         N/A       100%        5
 Starburst                Conj/Fire      0%         6d3       100%        6
 Ignition                 Fire           0%         3d3       100%        8
 Lehudib's Crystal Spear  Conj/Erth      0%         10d2      100%        8
 Maxwell's Capacitive Co  Air            0%         ∞         100%        8
 Animate Armour           Summ/Erth      Unusable   N/A       N/A         4
 Sculpt Simulacrum        Ice/Alch       Unusable   N/A       N/A         6

Dungeon Overview and Level Annotations

Branches:
Dungeon (8/15)             Temple (1/1) D:5           Sewer (visited)
Ossuary (visited)
   Lair: D:8-11

Altars:
Cheibriados
Dithmenos
Fedhas
Gozag
Hepliaklqana
Kikubaaqudgha
Makhleb
Nemelex Xobeh
Okawaru
Qazlal
Ru
Sif Muna
Trog
Uskayaw
Vehumet
Wu Jian
Xom
Yredelemnul

Shops:
D:1 (

Annotations:
D:8 Erica


Innate Abilities, Weirdness & Mutations

You have a pair of small horns on your head.
You are partially covered in rugged brown scales. (AC +1, +3% HP)
A meltable icy envelope protects you from harm. (AC +0)
A meltable shield of frost defends you. (SH +0)
Spells you cast may paralyse adjacent enemies.


Message History

You resist with significant effort. Erica constricts you.
You barely miss Erica.
Erica is heavily wounded.
You feel very sick. You block Erica's attack. Erica constricts you.
You miss Erica. You headbutt Erica.
Erica is heavily wounded.
You feel very sick. Erica casts a spell at you. The bolt of poison hits you!
You are more poisoned.
Erica constricts you.
You bludgeon Erica!!
Erica writhes in agony.
Erica is almost dead.
You feel extremely sick. You block Erica's attack. Erica constricts you.
It was a potion of curing.
You feel better.
Erica hits you with a +0 scimitar of flaming!
Your icy defences dissipate!
Erica burns you. Erica constricts you.
You closely miss Erica.
Erica is almost dead.
A wight comes into view. It is wielding a +0 dire flail.
Erica hits you with a +0 scimitar of flaming!
* * * LOW HITPOINT WARNING * * *
Erica burns you.
* * * LOW HITPOINT WARNING * * *
Erica constricts you.
* * * LOW HITPOINT WARNING * * *
You hit Erica.
Erica writhes in agony.
You headbutt Erica.
Erica is almost dead.
Erica barely misses you. Erica constricts you.
* * * LOW HITPOINT WARNING * * *
You closely miss Erica.
Erica is almost dead.
Erica casts a spell at you. The bolt of poison hits you!!
You are lethally poisoned!
You die...
Erica begins burbling mirthfully and uncontrollably.

##+## #.# ### #...#
#.# # #...# #.###
#### #...# #...
....
#...###)###########
#...'.)...........#
#...###)#######....
#.xz# #.# #....
#|@.# #.# #....
#...# #.# ###'#
#.### #.# #.# #†#
#.## #># #.# #..~
#.# ##.# ##.... #.#
##..##...... #.#
#..#~....... #.#
##.#......##.


You could see Erica and a wight.

Vanquished Creatures
  The ghost of avangion the Conjurer, an amateur DECj (D:4)
  3 water moccasins (D:7)
  3 ice beasts
  A sky beast (D:6)
  An orc warrior (D:6)
  An ogre (D:5)
  A wolf (D:8)
  A centaur (D:7)
  2 phantoms
  2 elf zombies (Ossuary)
  A bullfrog (D:5)
  3 scorpions
  An electric eel (D:6)
  2 bombardier beetles
  A hound (D:5)
  4 centaur zombies (Ossuary)
  Crazy Yiuf (D:6)
  A human zombie (Ossuary)
  4 jellies
  3 orc priests
  A gnoll bouda (D:5)
  Jessica (D:3)
  4 sleepcaps
  2 iguanas (D:5)
  3 orc wizards (D:6)
  5 hound zombies (Ossuary)
  2 mummies (Ossuary)
  8 gnolls (D:5)
  8 adders
  A river rat (Sewer)
  A shadow imp (D:7)
  2 white imps (D:7)
  4 ufetubi
  7 adder zombies (Ossuary)
  4 ribbon worms
  A dart slug (D:3)
  24 orcs
  11 ball pythons
  5 bats
  17 endoplasms
  9 giant cockroaches
  5 goblins
  7 hobgoblins
  4 jackals (D:1)
  3 quokkas
  7 frilled lizards
  3 gnoll zombies (Ossuary)
  3 jackal zombies (Ossuary)
  6 kobolds
  5 kobold zombies (Ossuary)
  7 orc zombies (Ossuary)
  7 rats
214 creatures vanquished.

Notes
Turn   | Place    | Note
-------+----------+-------------------------------------------
     0 | D:1      | grandjackal the Demonspawn Fighter began the quest for the
                  | Orb.
     0 | D:1      | Reached XP level 1. HP: 18/18 MP: 1/1
    84 | D:1      | Gained mutation: A meltable shield of frost defends you.
                  | (SH +0) [demonic ancestry]
    84 | D:1      | Reached XP level 2. HP: 17/24 MP: 2/2
   252 | D:1      | Found Witoasch's Weapon Shop.
   414 | D:1      | Gained mutation: A meltable icy envelope protects you from
                  | harm. (AC +0) [demonic ancestry]
   414 | D:1      | Reached XP level 3. HP: 28/29 MP: 3/3
  1160 | D:3      | Found a glowing drain.
  1164 | D:3      | Gained mutation: A meltable icy envelope protects you from
                  | harm. (AC +0) [demonic ancestry]
  1164 | D:3      | Reached XP level 4. HP: 36/36 MP: 4/4
  1183 | Sewer    | Entered a sewer
  1329 | Sewer    | Reached skill level 4 in Fighting
  1332 | Sewer    | Gained mutation: You are partially covered in rugged brown
                  | scales. (AC +1, +3% HP) [demonic ancestry]
  1332 | Sewer    | Reached XP level 5. HP: 32/43 MP: 5/5
  1340 | Sewer    | Found a viscous altar of Jiyva.
  1686 | D:3      | Found a shadowy altar of Dithmenos.
  1795 | D:3      | Found a sparkling altar of Nemelex Xobeh.
  1838 | D:3      | Noticed Jessica
  1840 | D:3      | Killed Jessica
  2267 | D:4      | Noticed a phantom
  2281 | D:4      | Killed a phantom
  2282 | D:4      | Reached XP level 6. HP: 47/51 MP: 6/6
  2414 | D:4      | Found a large runed translucent door.
  2414 | D:4      | Found a large runed translucent door.
  2433 | D:4      | Reached skill level 5 in Fighting
  2499 | D:4      | Found a stormy altar of Qazlal.
  2541 | D:4      | Identified the +10 morningstar of the Pariah {pain, Dex+3
                  | SInv}
  2879 | D:4      | Noticed avangion's ghost (amateur DECj)
  2886 | D:4      | Killed avangion's ghost
  2937 | D:5      | Entered Level 5 of the Dungeon
  2986 | D:5      | Gained mutation: Spells you cast may paralyse adjacent
                  | enemies. [demonic ancestry]
  2986 | D:5      | Reached XP level 7. HP: 57/57 MP: 7/7
  3354 | D:5      | Reached skill level 6 in Fighting
  3354 | D:5      | Reached skill level 5 in Axes
  3577 | D:5      | Found a staircase to the Ecumenical Temple.
  3590 | Temple   | Entered the Ecumenical Temple
  3597 | Temple   | Became a worshipper of Warmaster Okawaru
  3718 | D:5      | Reached skill level 1 in Invocations
  3727 | D:5      | Gained mutation: You have a pair of small horns on your
                  | head. [demonic ancestry]
  3727 | D:5      | Reached XP level 8. HP: 32/66 MP: 8/8
  3905 | D:5      | Found an ancient bone altar of Kikubaaqudgha.
  4246 | D:6      | Reached skill level 7 in Fighting
  4281 | D:6      | Learned a level 4 spell: Dispel Undead
  4309 | D:6      | Reached skill level 1 in Necromancy
  4483 | D:6      | Found an opulent altar of Gozag.
  4483 | D:6      | Found a basalt altar of Yredelemnul.
  4881 | D:6      | Found a runed translucent door.
  4882 | D:6      | Noticed Crazy Yiuf
  5300 | D:6      | Killed Crazy Yiuf
  5300 | D:6      | Reached * piety under Okawaru
  5365 | D:7      | Found an ornate altar of the Wu Jian Council.
  5446 | D:7      | Found a snail-covered altar of Cheibriados.
  5714 | D:7      | Found a hazy altar of Hepliaklqana.
  5808 | D:7      | Found a sand-covered staircase.
  5820 | D:7      | Reached skill level 5 in Invocations
  5820 | D:7      | Reached XP level 9. HP: 75/75 MP: 12/12
  5827 | Ossuary  | Entered an ossuary
  5943 | Ossuary  | Reached ** piety under Okawaru
  6024 | Ossuary  | Reached skill level 8 in Fighting
  6429 | D:8      | Noticed a rime drake
  6465 | D:8      | Noticed Erica
  6477 | D:8      | Killed from afar by Erica

Illustrated notes

Levels and vault maps discovered:
D:1:      minmay_arrival_four_circles, layout_rooms, serial_shops, shop,
          minmay_pentomino_w4
D:2:      layout_rooms, nicolae_titane
D:3:      layout_basic, mainiacjoe_overflow_cross_hatched,
          mainiacjoe_overflow_catwalk, mainiacjoe_overflow_alcove_1,
          cheibrodos_sewer_entry_drain, chequers_serial_rivers_micro_d,
          hex_intersection, uniq_jessica
D:4:      layout_gridville, old_standard_altar, ebering_ghost_disaster_area
D:5:      layout_cave_pods, general_overflow_altar, temple_statues
D:6:      nicolae_BIG_FREAKIN_CUBE, layout_basic,
          nicolae_overflow_crystal_walls, gammafunk_temple_overflow_elements,
          minmay_misc_feat_tiny, fountainhead, uniq_crazy_yiuf_cottage
D:7:      layout_basic, lemuel_crystal_altar,
          mainiacjoe_overflow_surrounded_room, nicolae_wu_jian_wuxing_cycle,
          enter_ossuary_1, nicolae_elevator_lobby_asterisk
D:8:      layout_basic, mainiacjoe_overflow_alcove_4, hellmonk_lair_entry_icy,
          bh_walls_and_bars, uniq_psyche, uniq_prince_ribbit1, uniq_erica
Temple:   hellmonk_temple_micro_hex

Skill      XL: |  1  2  3  4  5  6  7  8  9 |
---------------+----------------------------+-----
Axes           | 2 3 4 5 6 7 |  7.2
Armour         | 3 |  3.0
Shields        | 3 4 |  4.0
Fighting       | 4 5 6 7 8 |  8.3
Invocations    | 1 5 6 |  6.4
Necromancy     | 3 4 |  4.5

Action                     |  1- 3 |  4- 6 |  7- 9 || total
---------------------------+-------+-------+-------++-------
  Melee: War axe           |   127 |   123 |       ||   250
         Morningstar       |       |    10 |   275 ||   285
         Headbutt          |       |       |    37 ||    37
 Invoke: Heroism           |       |       |     1 ||     1
    Use: Potion            |       |       |     1 ||     1
 Armour: Scale mail        |    87 |    65 |   195 ||   347
  Dodge: Dodged            |    63 |    51 |   124 ||   238
  Block: Buckler           |    62 |    63 |   155 ||   280

Table legend: (Time is in decaauts)
 A = Elapsed time spent in this place.
 B = Non-inter-level travel time spent in this place.
 C = Inter-level travel time spent in this place.
 D = Time resting spent in this place.
 E = Time spent auto-exploring this place.
 F = Levels seen in this place.
 G = Mean time per level.
                   A        B        C        D        E       F      G
               +--------+--------+--------+--------+--------+-----+--------+
         Total |   6700 |   6509 |    191 |    468 |   4487 |  11 |  609.1 |
       Dungeon |   6089 |   5905 |    184 |    468 |   4278 |   8 |  761.1 |
        Temple |     14 |      7 |      7 |      0 |      0 |   1 |   14.0 |
         Sewer |    340 |    340 |      0 |      0 |    198 |   1 |  340.0 |
       Ossuary |    255 |    255 |      0 |      0 |     11 |   1 |  255.0 |
               +--------+--------+--------+--------+--------+-----+--------+

Top non-repeatable levels by time:
     D:5: 1242 daAuts
     D:6: 1185 daAuts
     D:4: 889 daAuts
     D:7: 799 daAuts
     D:3: 638 daAuts
     D:1: 627 daAuts
     D:2: 569 daAuts
   Sewer: 340 daAuts
 Ossuary: 255 daAuts
     D:8: 138 daAuts
  Temple: 14 daAuts
